 Dungeon Crawl Stone Soup version 0.23.2-1-ga50397a6bc (webtiles) character file.

Game seed: 8763051474883500555

346 CrazyMind the Cutter (level 6, -10/64 HPs)
             Began as a Halfling Berserker on Apr 28, 2019.
             Was a Believer of Trog.
             Splashed by Ijyb's acid (13 damage)
             ... on level 3 of the Dungeon.
             The game lasted 00:17:55 (2969 turns).

CrazyMind the Cutter (Halfling Berserker)           Turns: 2969, Time: 00:17:56

Health: -10/64     AC:  1    Str: 23    XL:     6   Next: 90%
Magic:  6/6        EV: 17    Int:  5    God:    Trog [**....]
Gold:   114        SH:  0    Dex: 16    Spells: 5/5 levels left

rFire    . . .     SeeInvis .   a - +0 short sword
rCold    . . .     Gourm    .   (shield restricted)
rNeg     . . .     Faith    .   m - +0 leather armour
rPois    .         Spirit   .   s - +0 helmet
rElec    .         Reflect  .   (no cloak)
rCorr    .         Harm     .   (no gloves)
MR       .....                  b - +0 pair of boots
Stlth    ..........             (no amulet)
HPRegen  0.20/turn              (no ring)
MPRegen  0.10/turn              (no ring)

@: berserking, corroded, very quick
A: small, mutation resistance 1
a: Berserk, Trog's Hand, Renounce Religion


You were on level 3 of the Dungeon.
You worshipped Trog.
Trog was pleased with you.
You were very hungry.

You visited 1 branch of the dungeon, and saw 3 of its levels.

You collected 114 gold pieces.

Inventory:

Hand Weapons
 a - a +0 short sword (weapon)
 f - a +0 dagger
Missiles
 j - 29 sling bullets
 k - 57 stones (quivered)
 t - a throwing net
Armour
 b - a +0 pair of boots (worn)
 m - a +0 leather armour (worn)
 s - a +0 helmet (worn)
Scrolls
 e - 2 scrolls of immolation {unknown}
 g - a scroll of blinking {unknown}
 h - a scroll of fear {unknown}
 l - a scroll of magic mapping {unknown}
 o - 2 scrolls of identify {unknown}
 p - a scroll of teleportation {unknown}
 u - a scroll of amnesia {unknown}
Potions
 i - a potion of lignification {unknown}
 n - a potion of heal wounds {unknown}
 q - a potion of might {unknown}
 r - a potion of magic {unknown}
Comestibles
 c - 2 rations
 d - 6 chunks of flesh


   Skills:
 + Level 3.6 Fighting
 + Level 6.5 Short Blades
 + Level 2.5 Armour
 + Level 4.2 Dodging
 + Level 0.8 Stealth


You had 5 spell levels left.
You didn't know any spells.
Your spell library was empty.

Dungeon Overview and Level Annotations

Branches:
Dungeon (3/15)

Altars:

Annotations:
D:3 Ijyb


Innate Abilities, Weirdness & Mutations

You are small and have problems with some larger weapons.
You are somewhat resistant to further mutation.


Message History

* * * LOW HITPOINT WARNING * * *
A red film seems to cover your vision as you go berserk!
You feel yourself moving faster!
You feel mighty!
You are feeling very hungry.
Ijyb hits you.
* * * LOW HITPOINT WARNING * * *
You closely miss Ijyb.
Ijyb is severely wounded.
You hit Ijyb but do no damage.
Ijyb is severely wounded.
Ijyb hits you.
* * * LOW HITPOINT WARNING * * *
You closely miss Ijyb.
Ijyb is severely wounded.
You hit Ijyb.
Ijyb is almost dead.
Ijyb zaps a wand.
The bolt of acid hits you!!
* * * LOW HITPOINT WARNING * * *
You are splashed with acid!
You die...

#....!##. .
#.....#. #.
..?.... ##
#..... #.... ..
#.#.# ####
....###.#.####.#
#...
.........@g....#
#.##
....##.########
#.# . #.# #.#
#.# #.# #.# #.#
#.# #.# #.# #.#
#.######### #.#
#..รท......# #.#


You could see Ijyb.

Vanquished Creatures
  A sky beast (D:2)
  An orc wizard (D:3)
  Robin (D:3)
  4 adders
  8 gnolls
  An ooze (D:1)
  4 worms
  4 dart slugs
  2 leopard geckos
  2 orcs (D:3)
  7 bats
  A giant cockroach (D:2)
  11 goblins
  10 hobgoblins
  10 jackals
  5 frilled lizards
  4 kobolds
  8 rats
84 creatures vanquished.

Notes
Turn   | Place    | Note
-------+----------+-------------------------------------------
     0 | D:1      | CrazyMind the Halfling Berserker began the quest for the
                  | Orb.
     0 | D:1      | Reached XP level 1. HP: 15/15 MP: 1/1
   222 | D:1      | Reached XP level 2. HP: 20/20 MP: 2/2
   251 | D:1      | Reached skill level 4 in Short Blades
   501 | D:1      | Reached XP level 3. HP: 25/26 MP: 3/3
   625 | D:1      | Reached ** piety under Trog
  1085 | D:2      | Reached XP level 4. HP: 31/31 MP: 4/4
  1240 | D:2      | Noticed a sky beast
  1258 | D:2      | Killed a sky beast
  1258 | D:2      | Reached skill level 5 in Short Blades
  1258 | D:2      | Reached XP level 5. HP: 36/36 MP: 5/5
  1518 | D:2      | Reached XP level 6. HP: 23/42 MP: 6/6
  2311 | D:3      | Reached skill level 6 in Short Blades
  2363 | D:3      | Noticed Robin
  2375 | D:3      | Killed Robin
  2919 | D:3      | Noticed Ijyb
  2969 | D:3      | HP: 3/64 [Ijyb/wand of acid (4) (21)]
  2969 | D:3      | Splashed by Ijyb's acid

Skill      XL: |  1  2  3  4  5  6 |
---------------+-------------------+-----
Short Blades   | 4 5 6 |  6.5
Fighting       | 3 |  3.6
Dodging        | 3 4 |  4.2
Armour         | |  2.5
Stealth        | |  0.8

Action                   |  1- 3 |  4- 6 || total
-------------------------+-------+-------++-------
Melee: Short sword       |   117 |   203 ||   320
Invok: Berserk           |     1 |     9 ||    10
       Trog's Hand       |       |     1 ||     1
 Stab: Sleeping          |       |     2 ||     2
  Eat: Chunk             |     2 |    10 ||    12
       Ration            |       |     1 ||     1
Armor: Animal skin       |    10 |     1 ||    11
       Leather armour    |       |    16 ||    16
Dodge: Dodged            |    67 |    87 ||   154
